 Dungeon Crawl Stone Soup version 0.29.0-4-gdea44cf6ec (webtiles) character file.

Game seed: 5884720361922234030

88 qw the Chopper (level 4, -7/26 HPs)
             Began as a Tengu Warper on Aug 28, 2022.
             Mangled by an ogre
             ... wielding a +0 giant spiked club
              (23 damage)
             ... on level 3 of the Dungeon.
             The game lasted 00:00:14 (2545 turns).

qw the Chopper (Tengu Warper)                       Turns: 2545, Time: 00:00:14

Health: -7/26      AC:  8    Str: 13    XL:     4   Next: 53%
Magic:  8/8        EV:  6    Int: 14    God:
Gold:   110        SH:  0    Dex: 13    Spells: 7/7 levels left

rFire   . . .      SeeInvis .   Y - +0 hand axe
rCold   . . .      Faith    .   (no shield)
rNeg    . . .      Spirit   .   e - +0 chain mail
rPois   .          Reflect  .   (helmet restricted)
rElec   .          Harm     .   (no cloak)
rCorr   .          Rampage  .   (no gloves)
Will    .....                   (boots unavailable)
Stlth   ..........              (no amulet)
HPRegen 0.08/turn               (no ring)
MPRegen 0.11/turn               (no ring)

@: no status effects
A: beak, talons 3
a: no special abilities


You were on level 3 of the Dungeon.
You visited 1 branch of the dungeon, and saw 3 of its levels.

You collected 110 gold pieces.


Innate Abilities, Weirdness & Mutations

You have a beak for a mouth.
You have claws for feet.


   Skills:
 - Level 2.0 Fighting
 + Level 5.1 Axes
 - Level 1.0 Throwing
 - Level 1.1 Armour
 - Level 2.1 Dodging
 - Level 2.0 Spellcasting
 - Level 2.4 Translocations


You had 7 spell levels left.
You didn't know any spells.
Your spell library contained the following spells:

 Spells                   Type           Power      Damage    Failure   Level
 Blink                    Tloc           16%        N/A       99%         2
 Gell's Gravitas          Tloc           8%         N/A       100%        3
 Lesser Beckoning         Tloc           8%         N/A       100%        3
 Teleport Other           Tloc           8%         N/A       100%        3
 Manifold Assault         Tloc           8%         N/A       100%        5

Inventory:

Hand Weapons
 d - a +0 whip
 Y - a +0 hand axe (weapon)
Armour
 e - a +0 chain mail (worn)
Scrolls
 a - a scroll of teleportation
 c - a scroll of vulnerability {unknown}
Potions
 b - a potion of curing {unknown}
 f - 2 potions of heal wounds
 g - a potion of invisibility {unknown}
 h - a potion of magic {unknown}
 i - a potion of flight {unknown}
 j - a potion of degeneration {unknown}

Dungeon Overview and Level Annotations

Branches:
Dungeon (3/15)

Altars:

Shops:
D:1 (

Annotations:
D:3 Terence


Message History

You kill the endoplasm!
You start resting.
HP restored.
Things that are here:
a +0 dagger; a kobold corpse A ball python comes into view.
The ball python hisses angrily.
An ogre comes into view. It is wielding a +0 giant spiked club.
An adder comes into view.
2538 ||| Stepping ~*~*~tactically~*~*~ (stealth).
A kobold, 2 ball pythons and Terence come into view.
Terence is wielding a +2 flail of protection.
The ogre shouts!
The ball python hisses angrily.
The adder hisses angrily.
Terence shouts!
An endoplasm comes into view.
The kobold moves out of view.
2540 ||| Stepping ~*~*~tactically~*~*~ (stealth).
The endoplasm quivers.
The ball python bites you but does no damage.
The ball python completely misses you.
You hit the adder. You claw the adder. You peck the adder.
The adder is severely wounded.
You hit the ball python.
You kill the ball python!
The adder bites you but does no damage. Terence looks scornfully at you.
You hit the adder.
You kill the adder!
You hit Terence but do no damage.
Terence hits you with a +2 flail of protection.
Your Axes skill increases to level 5!
You hit Terence but do no damage.
Terence hits you with a +2 flail of protection.
You hit the ogre but do no damage. You claw the ogre.
The ogre is lightly wounded.
You hit Terence but do no damage. Terence barely misses you.
The ogre hits you with a +0 giant spiked club!!
Ouch! That really hurt!
You die...

........##......#
.............####
###.....##...#
..#....###...# ..#.#.##
#...# ..))### #...#
.)### #...# ..#
################
..#######.......@O......
#.#.....#..##...#@S..###
##<.....#.# #...#KJ..#
##.....#.###..##....#
##.####......# #.....
##.## #.....## ...#..
##.## #...### ...# .
#.## #.#### #..# ..#
#....####


You could see an ogre, Terence, an endoplasm, a ball python and a kobold.

Vanquished Creatures
  2 adders
  A worm (D:2)
  3 dart slugs
  4 orcs (D:3)
  7 ball pythons
  5 endoplasms
  4 giant cockroaches
  8 hobgoblins
  2 quokkas
  5 bats
  4 frilled lizards
  5 kobolds
  5 rats
55 creatures vanquished.

Notes
Turn   | Place    | Note
-------+----------+-------------------------------------------
     0 | D:1      | qw the Tengu Warper began the quest for the Orb.
     0 | D:1      | Reached XP level 1. HP: 12/12 MP: 4/4
     0 | D:1      | 0 ||| qw: Version: 0.1-a-89-g26bdef1
     0 | D:1      | 0 ||| qw: Game counter: 1679
     0 | D:1      | 0 ||| qw: Always use a shield: true
     0 | D:1      | 0 ||| qw: God list: Okawaru
     0 | D:1      | 0 ||| qw: Allow faded altars: false
     0 | D:1      | 0 ||| qw: Do Orc after D:15 true
     0 | D:1      | 0 ||| qw: Do second Lair branch before Depths: true
     0 | D:1      | 0 ||| qw: Lair rune preference: random
     0 | D:1      | 0 ||| qw: Plans: Normal
     0 | D:1      | 0 ||| PLANNING D:1-11
    31 | D:1      | 31 ||| Stepping ~*~*~tactically~*~*~ (stealth).
    99 | D:1      | 99 ||| Stepping ~*~*~tactically~*~*~ (stealth).
   100 | D:1      | 100 ||| Stepping ~*~*~tactically~*~*~ (stealth).
   104 | D:1      | Reached XP level 2. HP: 17/17 MP: 6/6
   106 | D:1      | Reached skill level 3 in Axes
   162 | D:1      | 162 ||| Stepping ~*~*~tactically~*~*~ (hiding).
   339 | D:1      | 339 ||| Stepping ~*~*~tactically~*~*~ (stealth).
   341 | D:1      | 341 ||| Stepping ~*~*~tactically~*~*~ (stealth).
   460 | D:1      | Found Vaeng's Weapon Shoppe.
   471 | D:1      | Reached XP level 3. HP: 21/21 MP: 7/7
   481 | D:1      | 481 ||| Stepping ~*~*~tactically~*~*~ (stealth).
   491 | D:1      | 491 ||| SHOPLISTING +0 flail (45 gold, have 4).
   491 | D:1      | 491 ||| SHOPLISTING +1 vorpal broad axe (169 gold, have 4).
   526 | D:1      | Reached skill level 4 in Axes
   780 | D:1      | 780 ||| UPGRADING to +0 chain mail.
   790 | D:1      | 790 ||| DROPPING +0 leather armour.
   791 | D:1      | 791 ||| DROPPING scroll of blinking.
   811 | D:2      | 811 ||| Stepping ~*~*~tactically~*~*~ (stealth).
   966 | D:2      | HP: 5/21 [poisoned by an adder]
  1251 | D:2      | Found a faded altar of an unknown god.
  1495 | D:2      | Reached XP level 4. HP: 26/26 MP: 8/8
  1532 | D:2      | 1532 ||| Stepping ~*~*~tactically~*~*~ (hiding).
  1935 | D:2      | 1935 ||| READING 2 scrolls labelled LOBLEL MEGESKE.
  1940 | D:2      | 1940 ||| DRINKING 2 purple potions.
  1967 | D:3      | 1967 ||| STAIRDANCE
  2203 | D:3      | 2203 ||| Stepping ~*~*~tactically~*~*~ (hiding).
  2483 | D:3      | 2483 ||| Stepping ~*~*~tactically~*~*~ (stealth).
  2489 | D:3      | 2489 ||| Stepping ~*~*~tactically~*~*~ (stealth).
  2491 | D:3      | 2491 ||| Stepping ~*~*~tactically~*~*~ (stealth).
  2537 | D:3      | Noticed an ogre
  2538 | D:3      | 2538 ||| Stepping ~*~*~tactically~*~*~ (stealth).
  2539 | D:3      | Noticed Terence
  2540 | D:3      | 2540 ||| Stepping ~*~*~tactically~*~*~ (stealth).
  2544 | D:3      | Reached skill level 5 in Axes
  2545 | D:3      | Mangled by an ogre

Levels and vault maps discovered:
D:1:      lemuel_arrival_room, layout_rooms, serial_shops,
          nicolae_shop_bloodbath_and_beyond
D:2:      layout_basic, ebering_ecumenical_altar_hall
D:3:      minmay_recursive_quarters, layout_loops_cross, slow_altar_1,
          uniq_terence

Skill      XL: |  1  2  3  4 |
---------------+-------------+-----
Axes           | 3 4 5 |  5.1
Fighting       | |  2.0
Throwing       | |  1.0
Armour         | |  1.1
Dodging        | |  2.1
Spellcasting   | |  2.0
Translocations | |  2.4

Action                   |  1- 3 |  4- 6 || total
-------------------------+-------+-------++-------
Melee: Hand axe          |    87 |    32 ||   119
       Kick              |    19 |    12 ||    31
       Punch             |     3 |       ||     3
       Peck              |     9 |     4 ||    13
Throw: Boomerang         |     7 |       ||     7
  Use: Scroll            |       |     1 ||     1
       Potion            |       |     1 ||     1
Armor: Leather armour    |     6 |       ||     6
       Chain mail        |    13 |    13 ||    26
Dodge: Dodged            |    30 |     7 ||    37

Table legend:
 A = Non-vault XP
 B = Vault XP
 C = Vault XP percentage of total XP
 D = Non-vault monster count
 E = Vault monster count
 F = Vault count percentage of total count
                 A         B        C        D         E       F
            +---------+---------+-------+---------+---------+-------
      Total |     105 |      21 |  16.7 |      49 |       6 |  10.9
            +---------+---------+-------+---------+---------+-------
        D:1 |      50 |       0 |   0.0 |      29 |       0 |   0.0
        D:2 |      37 |       0 |   0.0 |      12 |       0 |   0.0
        D:3 |      18 |      21 |  53.8 |       8 |       6 |  42.9
            +---------+---------+-------+---------+---------+-------
